 Dungeon Crawl Stone Soup version 0.30-a0-29-g142975f185 (webtiles) character file.

Game seed: 7800560155145208483

46 Zonian the Grave Robber (level 3, -2/16 HPs)
             Began as a Vine Stalker Necromancer on Aug 27, 2022.
             Shot with a sling bullet by a goblin (4 damage)
             ... led by Robin
             ... on level 2 of the Dungeon.
             The game lasted 00:03:24 (1825 turns).

Zonian the Grave Robber (Vine Stalker Necromancer)  Turns: 1825, Time: 00:03:24

Health: -2/16      AC:  0    Str: 10    XL:     3   Next: 68%
Magic:  0/8        EV: 19    Int: 17    God:
Gold:   95         SH:  0    Dex: 19    Spells: 6/7 levels left

rFire   . . .      SeeInvis .    (weapon currently unavailable)
rCold   . . .      Faith    .    (shield currently unavailable)
rNeg    . . .      Spirit   +    (body armour currently unavailable)
rPois   .          Reflect  .    (helmet currently unavailable)
rElec   .          Harm     .    (cloak currently unavailable)
rCorr   .          Rampage  .    (gloves currently unavailable)
Will    .....                    (boots currently unavailable)
Stlth   +++.......               (no amulet)
HPRegen 0.05/turn                (ring currently unavailable)
MPRegen 0.11/turn                (ring currently unavailable)

@: bat-form, flying, very quick
A: fast, flying, no casting, tiny, (fangs 2), magic shield, (antimagic bite), no
potion heal 2
a: no special abilities


You were on level 2 of the Dungeon.
You were a bat.
You visited 1 branch of the dungeon, and saw 2 of its levels.

You collected 95 gold pieces.

Inventory:

Hand Weapons
 b - a +0 dagger
 l - the +7 trident of Prudence {venom, +Blink rElec Int-5 Stlth+}
   (You found it on level 2 of the Dungeon)

   It poisons the flesh of those it strikes.
   Int:       It affects your intelligence (-5).
   rElec:     It insulates you from electricity.
   +Blink:    It lets you blink.
   Stlth:     It makes you more stealthy.
Armour
 a - a +0 robe (melded)
Magical Staves
 f - a staff of death (melded)
Jewellery
 g - a +4 ring of protection (melded)
Scrolls
 c - 5 scrolls of identify {unknown}
 j - a scroll of fear {unknown}
 m - a scroll of poison {unknown}
Potions
 d - 2 potions of attraction {unknown}
 e - a potion of brilliance {unknown}
 h - a potion of curing
 i - a potion of heal wounds {unknown}
 k - a potion of lignification {unknown}


   Skills:
 + Level 2.0 Dodging
 + Level 3.2 Stealth
 + Level 2.7 Spellcasting
 + Level 4.3 Necromancy


You had 6 spell levels left.
You knew the following spells:

 Your Spells              Type           Power      Damage    Failure   Level
a - Necrotise             Necr           68%        1d7       3%          1

Your spell library contained the following spells:

 Spells                   Type           Power      Damage    Failure   Level
 Sublimation of Blood     Necr           17%        N/A       4%          2
 Vampiric Draining        Necr           17%        2d7       9%          3
 Sting                    Tmut/Pois      8%         1d3       19%         1
 Poisonous Vapours        Pois/Air       4%         N/A       26%         2
 Animate Dead             Necr           17%        N/A       30%         4
 Ignite Poison            Fire/Tmut/Pois 2%         N/A       47%         3
 Agony                    Necr           17%        N/A       63%         5
 Olgreb's Toxic Radiance  Pois           2%         N/A       87%         4
 Simulacrum               Ice/Necr       4%         N/A       100%        6
 Necromutation            Tmut/Necr      4%         N/A       100%        8


Dungeon Overview and Level Annotations

Branches:
Dungeon (2/15)

Altars:

Annotations:
D:2 Robin


Innate Abilities, Weirdness & Mutations

You are a bat.
You are tiny and dextrous.
You move quickly.
You are flying.
Your equipment is almost entirely melded.
You are incapable of wielding weapons or throwing items.
You cannot cast spells.
((You have extremely sharp teeth.))
When hurt, damage is shared between your health and your magic reserves.
((Your bite disrupts and absorbs the magic of your enemies.))
Potions cannot restore your health.


Message History

Unknown command.
Casting: Necrotise (safe; 3% risk of failure)
Confirm with . or Enter, or press ? or * to list all spells.
Aiming: Necrotise (safe; 3% risk of failure)
Press: ? - help, Shift-Dir - straight line, f - goblin
Aim: a goblin, wielding a +0 club (strong, chance to affect: 93%)
You feel a surge of power!
The goblin writhes in agony.
You kill the goblin!
The dead are walking!
Robin throws the goblin at you! The goblin closely misses you.
The goblin barely misses you.
Your goblin skeleton barely misses Robin.
You hit the goblin.
You kill the goblin!
The goblin hits you with a +0 dagger.
Robin zaps a wand.
You turn into a bat.
Your staff of death melds into your body.
Your +0 robe melds into your body.
Your +4 ring of protection melds into your body.
Your goblin skeleton closely misses Robin.
The goblin hits you with a +0 dagger.
* * * LOW HITPOINT WARNING * * *
Your hobgoblin skeleton hits Robin but does no damage.
Items here: ))) †.
Unknown command.
The goblin unwields a +0 dagger.
The goblin wields a +0 sling.
The goblin shoots a sling bullet.
The sling bullet completely misses you.
Your goblin skeleton hits the goblin.
Unknown command.
The goblin unwields a +0 sling.
The goblin wields a +0 dagger.
The goblin hits your goblin skeleton with a +0 dagger.
Unknown command.
You have no ailments to cure.
Unknown command.
Your goblin skeleton closely misses the goblin.
The goblin no longer looks unusually strong.
Robin throws the goblin at you!
The goblin unwields a +0 dagger.
The goblin wields a +0 sling.
The goblin shoots a sling bullet.
The sling bullet barely misses you.
You see here a +0 club.
The goblin shoots a sling bullet.
The sling bullet hits you.
You die...

########## ########
.....g...####......#############
########.##...#.#...#..........#
.......#.##.#...b.....########.#
######...g)...#.#.#.....#....#.#
########.....#..........#.#
#####......#.....#...
....#...##...).####
.........##.........
>#####...##.######.. ######.#
##. #.# #.


You could see a goblin.

Vanquished Creatures
  2 dart slugs (D:1)
  4 bats
  2 endoplasms (D:1)
  2 giant cockroaches
  8 goblins
  4 hobgoblins
  4 kobolds (D:1)
  A quokka (D:1)
  2 ball pythons (D:1)
  A frilled lizard (D:1)
  7 rats
37 creatures vanquished.

Vanquished Creatures (collateral kills)
  A bat (D:1)
1 creature vanquished.

Vanquished Creatures (others)
  5 demonic plants (D:1)
  3 fungi (D:1)
  4 plants (D:1)
  4 withered plants (D:1)
16 creatures vanquished.

Grand Total: 54 creatures vanquished

Notes
Turn   | Place    | Note
-------+----------+-------------------------------------------
     0 | D:1      | Zonian the Vine Stalker Necromancer began the quest for the
                  | Orb.
     0 | D:1      | Reached XP level 1. HP: 9/9 MP: 4/4
   509 | D:1      | Reached XP level 2. HP: 11/13 MP: 3/6
   681 | D:1      | Found a faded altar of an unknown god.
   702 | D:1      | Got the Grimoire of Ghastly Calefaction
  1209 | D:1      | Reached XP level 3. HP: 16/16 MP: 5/7
  1641 | D:2      | Identified the +7 trident of Prudence {venom, +Blink rElec
                  | Int-5 Stlth+}
  1789 | D:2      | Noticed Robin
  1825 | D:2      | Shot with a sling bullet by a goblin

Illustrated notes

Levels and vault maps discovered:
D:1:      tarquinn_simple_flora_water_b, layout_basic,
          shapermc_ecumenical_altar_gd
D:2:      layout_rooms, serial_co_window_serial, co_window_corner_a,
          co_window_of_opportunity_a, co_window_of_opportunity_a,
          co_window_of_opportunity_a, co_window_paths_b, co_window_paths_a,
          co_window_paths_b, co_window_of_opportunity_c,
          co_window_of_opportunity_b, co_window_2corner, co_window_corner_cb,
          glass_columns_a, kennysheep_generic_room_4, uniq_robin, uniq_sigmund

Skill      XL: |  1  2  3 |
---------------+----------+-----
Stealth        | 3 |  3.2
Dodging        | 2 |  2.0
Spellcasting   | |  2.7
Necromancy     | |  4.3

Action                   || total
-------------------------++-------
Melee: Unarmed           ||     9
       Bite              ||    10
       Dagger            ||    10
       Staff             ||    26
 Cast: Necrotise         ||    37
  Use: Potion            ||     2
 Stab: Sleeping          ||     1
Armor: Robe              ||    26
Dodge: Dodged            ||    48

Table legend: (Time is in decaauts)
 A = Elapsed time spent in this place.
 B = Non-inter-level travel time spent in this place.
 C = Inter-level travel time spent in this place.
 D = Time resting spent in this place.
 E = Time spent auto-exploring this place.
 F = Levels seen in this place.
 G = Mean time per level.
                   A        B        C        D        E       F      G
               +--------+--------+--------+--------+--------+-----+--------+
         Total |   1819 |   1815 |      4 |    361 |   1108 |   2 |  909.5 |
       Dungeon |   1819 |   1815 |      4 |    361 |   1108 |   2 |  909.5 |
               +--------+--------+--------+--------+--------+-----+--------+

Top non-repeatable levels by time:
     D:1: 1554 daAuts
     D:2: 264 daAuts
